 Dungeon Crawl Stone Soup version 0.17-a0-1850-g688e747 (webtiles) character file.

1081882 4thArraOfDagon the Trollish Aeon (level 27, -1/287 HPs)
             Began as a Troll Chaos Knight on Sept 18, 2015.
             Was the Champion of Cheibriados.
             Slain by an Orb Guardian (39 damage)
             ... on level 5 of the Realm of Zot on Sept 19, 2015.
             The game lasted 04:24:01 (26364 turns).

4thArraOfDagon the Trollish Aeon (TrCK)            Turns: 26364, Time: 04:24:01

Health: -1/287     AC: 14    Str: 41    XL:     27
Magic:  37/56      EV: 22    Int: 40    God:    Cheibriados [******]
Gold:   55         SH: 18    Dex: 27    Spells: 9 memorised, 22 levels left

rFire  + + +     SeeInvis .       - Unarmed
rCold  . . .     Clarity  .     M - +2 robe {Archmagi}
rNeg   + + .     SustAt   .     n - +1 shield {rF+}
rPois  .         Gourm    +     q - +3 hat of Pondering {ponderous, MR+ MP+10 Int+5}
rElec  .         Spirit   .     l - +1 cloak of Wonder {Str+2 Int+3}
rCorr  .         Warding  +     (gloves unavailable)
rMut   .         Rnd*Tele +     (boots unavailable)
MR     ++++.                    E - macabre finger necklace {Ward rN+}
Stlth  ++........               A - ring of protection from fire
                                v - ring of Tyamayr {rF+ MP+9}
                                g - ring "Deri" {+/*Tele rN+ Dex+3}

@: about to teleport, very slightly contaminated, very slow, incredibly
resistant to hostile enchantments, unstealthy
A: unfitting armour, claws 3, thin metallic scales 2, deformed body, fast
metabolism 3, gourmand, magic resistance 1, regeneration 2, shaggy fur 1, tough
skin 2, weak 2, no device heal 2, subdued magic 1
a: Bend Time, Temporal Distortion, Slouch, Step From Time, Renounce Religion,
Evoke Teleportation
}: 15/15 runes: barnacled, slimy, silver, golden, iron, obsidian, icy, bone,
abyssal, demonic, glowing, magical, fiery, dark, gossamer


You were on level 5 of the Realm of Zot.
You worshipped Cheibriados.
Cheibriados was exalted by your worship.
You were not hungry.

You visited 18 branches of the dungeon, and saw 93 of its levels.
You visited Pandemonium 4 times, and saw 33 of its levels.
You visited the Abyss 3 times.
You visited 1 bazaar.
You also visited: Ice Cave and Volcano.

You collected 3123 gold pieces.
You spent 3068 gold pieces at shops.

Inventory:

Missiles
 K - 10 throwing nets
 P - 43 large rocks (quivered)
Armour
 l - the +1 cloak of Wonder (worn) {Str+2 Int+3}
   (You acquired it on level 2 of the Crypt)

   It affects your strength (+2).
   It affects your intelligence (+3).
 n - a +1 shield of fire resistance (worn)
 q - the +3 hat of Pondering (worn) {ponderous, MR+ MP+10 Int+5}
   (You took it off Gastronok on level 3 of the Lair of Beasts)

   It affects your intelligence (+5).
   It affects your resistance to hostile enchantments.
   It affects your magic capacity (+10).
 M - a +2 robe of the Archmagi (worn)
Magical staves
 W - an uncursed staff of wizardry {!a}
Jewellery
 g - the ring "Deri" (on amulet) {+/*Tele rN+ Dex+3}
   (You took it off a deep elf high priest on level 3 of the Elven Halls)

   [ring of teleportation]

   It may teleport you to nearby monsters, and can be evoked to randomly
   teleport.
   It affects your dexterity (+3).
   It protects you from negative energy.
 k - an uncursed amulet of resist corrosion
 o - an uncursed amulet of clarity
 p - the ring "Qires" {rC+ MR+ Dex+4 Slay+2}
   (You bought it in a shop on level 2 of the Shoals)

   [ring of dexterity]

   It affects your dexterity (+4).
   It affects your accuracy and damage with ranged weapons and melee attacks
   (+2).
   It protects you from cold.
   It affects your resistance to hostile enchantments.
 s - an uncursed amulet of stasis
 v - the ring of Tyamayr (left claw) {rF+ MP+9}
   (You bought it in a shop on level 2 of the Vaults)

   [ring of magical power]

   It protects you from fire.
   It affects your magic capacity (+9).
 x - an uncursed ring of flight
 y - an uncursed amulet of regeneration
 A - a ring of protection from fire (right claw)
 E - the macabre finger necklace (around neck) {Ward rN+}
   (You bought it in a shop in a bazaar)

   [amulet of warding]

   It may prevent the melee attacks of summoned creatures.
   It protects you from negative energy.
 O - the ring of Ceclypni {rElec AC+4 Str+6 Int-2}
   (You found it on level 4 of the Lair of Beasts)

   [ring of protection]

   It affects your AC (+4).
   It affects your strength (+6).
   It affects your intelligence (-2).
   It insulates you from electricity.
 S - an uncursed amulet of resist mutation
Magical devices
 h - a wand of disintegration (7)
 t - a wand of invisibility (4)
 G - a wand of teleportation (4)
 Y - a wand of digging (6)
Scrolls
 c - 4 scrolls of fog
 i - a scroll of magic mapping
 w - a scroll of acquirement
 D - a scroll of fear
 F - 9 scrolls of remove curse
 H - 6 scrolls of recharging
 I - 7 scrolls of teleportation
 T - a scroll of holy word
Potions
 e - 4 potions of cancellation
 f - 4 potions of flight
 r - 5 potions of might
 z - a potion of resistance
 C - 2 potions of brilliance
 L - 9 potions of curing
 N - 6 potions of heal wounds
 Q - a potion of ambrosia
 R - 3 potions of agility
 U - 6 potions of lignification
 V - 5 potions of magic
 Z - a potion of invisibility
Miscellaneous
 d - 4 phantom mirrors
 j - a sack of spiders
 u - a lamp of fire
 B - a phial of floods
 J - an ornate deck of escape {the Banshee}
 X - a box of beasts {used: 6}
Comestibles
 a - 10 meat rations


   Skills:
 - Level 19.1 Fighting
 - Level 11.0 Dodging
 - Level 15.3 Shields
 - Level 20.5 Unarmed Combat
 - Level 11.0 Spellcasting
 - Level 4.5 Charms
 - Level 5.4 Necromancy
 - Level 7.5 Translocations
 - Level 7.9 Transmutations
   Level 4.3 Ice Magic
 - Level 10.8 Earth Magic
 * Level 22.8 Invocations
 + Level 14.8 Evocations


You had 22 spell levels left.
You knew the following spells:

 Your Spells              Type           Power        Failure   Level  Hunger
a - Regeneration          Chrm/Necr      ######....   1%          3    None
b - Animate Skeleton      Necr           N/A          1%          1    None
c - Apportation           Tloc           ######....   0%          1    None
d - Passage of Golubria   Tloc           N/A          1%          4    None
e - Phase Shift           Tloc           ######....   1%          5    None
f - Statue Form           Trmt/Erth      #######..    2%          6    ###....
g - Repel Missiles        Chrm/Air       #####.       1%          2    None
h - Blink                 Tloc           N/A          0%          2    None
i - Stoneskin             Trmt/Erth      #######.     0%          2    None


Dungeon Overview and Level Annotations

Branches:
Dungeon (15/15)            Temple (1/1) D:4            Lair (8/8) D:10
 Shoals (4/4) Lair:3       Spider (4/4) Lair:4        Slime (6/6) Lair:7
    Orc (4/4) D:11            Elf (3/3) Orc:4        Vaults (5/5) D:14
  Crypt (3/3) Vaults:2       Tomb (3/3) Crypt:3      Depths (5/5) D:15
   Hell (1/1)                 Dis (7/7) Hell            Geh (7/7) Hell
    Coc (7/7) Hell            Tar (7/7) Hell            Zot (5/5) Depths:5

Altars:
Ashenzari
Cheibriados
Dithmenos
Fedhas
Gozag
Kikubaaqudgha
Makhleb
Nemelex Xobeh
Okawaru
Qazlal
Sif Muna
Trog
Vehumet
Xom
Yredelemnul
The Shining One
Lugonu

Shops:
D:10 !   D:13 %   Orc:4 (([(   Elf:1 %   Shoals:2 =   Vaults:2 *   Vaults:3 (

Portals:
Hell: Depths:2 Depths:3 Depths:4
Abyss: Depths:4
Pandemonium: Depths:3
Ziggurat: Depths:5
Trove: D:12 (give +4 demon trident)

Annotations:
D:7 Duvessa
D:8 Erica
D:10 exclusion: downstairs
D:11 Psyche
D:12 exclusion: upstairs
D:14 exclusion: downstairs
Lair:4 exclusion: oklob plant
Elf:1 exclusion: orange crystal statue
Elf:2 3 runed doors, exclusion: upstairs
Elf:3 exclusion: upstairs
Dis:7 Serpent of
Hell
Geh:7 Asmodeus
Coc:7 exclusion: ice statue
Zot:4 exclusions: ice statue and 2 oklob saplings


Innate Abilities, Weirdness & Mutations

You are too large for most types of armour.
You have claws for hands.
Your metabolism is lightning-fast.
You like to eat raw meat.
You heal very quickly.
You are covered in fur (AC +1).
You have very tough skin (AC +2).
You are mostly covered in thin metallic scales (AC +3).
Armour fits poorly on your strangely shaped body.
You are resistant to hostile enchantments.
You are very weak. (Str -4)
Potions and wands are poor at restoring your health.
Your spells are a little easier to cast, but a little less powerful.


Message History

The Orb Guardian hits you!! You block the Orb Guardian's attack.
The Orb Guardian hits you but does no damage. x2
You block the death cob's attack. The Orb Guardian hits you!
The black draconian hits you from afar with a trident!!
Unknown command.
Unknown command.
Unknown command.
Read which item? (? for menu, Esc to quit)
As you read the scroll of teleportation, it crumbles to dust.
You feel strangely unstable. The death cob closely misses you.
The Orb Guardian hits you!! x2
The Orb Guardian hits you! You block the Orb Guardian's attack.
The Orb Guardian closely misses you. You block the Orb Guardian's attack.
You block the death cob's attack. The Orb Guardian hits you!!
* * * LOW HITPOINT WARNING * * *
The Orb Guardian hits you!!
* * * LOW HITPOINT WARNING * * *
You block the Orb Guardian's attack. The Orb Guardian hits you!!!
You die...
Xom is highly amused!

.........▓## .....
§§......X..## .X...
§.L.........# ▓▓▓▓▓▓▓▓▓
.....
*.=...D.....▓▓▓.......▓▓
.....
..8.8{......▓▓.........▓
.....
.........L..▓...........
...D.
..§.......{q.8..dd......
.....
..§*........▓.DzXX...*X.
.....
.....X......▓▓XX@X(.y:.▓
.....
............▓▓▓XXX....▓▓
............▓ ▓▓▓▓▓▓▓▓▓
...........▓▓
.........▓▓▓ ......▓▓▓▓
▓▓▓▓▓▓▓


You could see an orb of fire, an electric golem, a red draconian monk, an
ancient lich, a storm dragon, a black draconian, a purple draconian, a death
cob, 9 Orb Guardians and a moth of wrath.

Vanquished Creatures
  Antaeus (Coc:7)
  the royal jelly (Slime:6)
  Ereshkigal (Tar:7)
  Gloorx Vloq (Pan)
  Mnoleg (Pan)
  Dispater (Dis:7)
  Khufu (Tomb:3)
  An orb of fire (Zot:4)
  2 ancient liches
  A juggernaut (Depths:3)
  4 pandemonium lords (Pan)
  14 greater mummies
  6 shard shrikes
  Margery (Vaults:3)
  Norris (Elf:3)
  Saint Roka (Depths:5)
  4 Killer Klowns (Zot:1)
  Geryon (Hell)
  7 golden dragons
  Nikola (Vaults:2)
  A profane servitor (Crypt:3)
  Arachne (Spider:2)
  3 bone dragons
  6 Brimstone Fiends
  An electric golem (Zot:1)
  Jorgrun (Vaults:5)
  Rupert (Lair:3)
  11 liches
  7 Hell Sentinels
  15 Ice Fiends
  2 titans (Vaults:5)
  11 tentacled monstrosities
  11 acid blobs
  3 Orb Guardians (Zot:5)
  11 Shadow Fiends
  A quicksilver dragon (shapeshifter) (Vaults:5)
  2 deep elf blademasters (Elf:3)
  2 quicksilver dragons
  A deep elf master archer (Elf:3)
  8 ancient champions
  An eldritch tentacle (Pan)
  14 Executioners
  A tentacled starspawn (Abyss:5)
  10 sphinxes
  Gastronok (Lair:3)
  5 tengu reavers
  A kraken (Abyss:5)
  An octopode crusher (Zot:3)
  The ghost of achirane the Warrior, a mighty CeHu of Okawaru (Depths:3)
  Agnes (Elf:2)
  A warmonger (Pan)
  6 storm dragons
  5 death cobs
  4 shadow dragons
  2 blood saints (Pan)
  A storm dragon (shapeshifter) (Vaults:5)
  Ilsuiw (Shoals:4)
  5 azure jellies
  8 fire giants
  Donald (Elf:3)
  Maud (Lair:6)
  2 ghost moths
  3 iron dragons
  A draconian knight (Zot:2)
  10 vault wardens
  10 frost giants
  5 deep elf sorcerers
  A draconian scorcher (Zot:5)
  4 draconian zealots
  6 emperor scorpions (Spider:4)
  4 curse skulls
  21 cacodemons
  14 balrugs
  4 draconian shifters
  A juggernaut zombie (D:15)
  2 draconian annihilators
  15 very ugly things
  24 reapers
  10 ironheart preservers
  24 stone giants
  2 war gargoyles (Hell)
  8 salamander firebrands
  A green draconian (shapeshifter) (Zot:3)
  A draconian caller (Zot:3)
  2 green draconians
  A chaos champion (Pan)
  6 deep elf demonologists
  7 purple draconians
  2 salamander stormcallers
  3 black draconians
  A corrupter (Pan)
  A red draconian (shapeshifter) (Zot:3)
  7 lorocyprocas
  8 bennus (Tomb:2)
  14 deep elf annihilators
  3 dire elephants
  17 large abominations
  3 red draconians
  A yellow draconian (shapeshifter) (Zot:3)
  2 white draconians (Zot:1)
  A yellow draconian (Zot:1)
  5 mottled draconians
  An eidolon (Vaults:2)
  5 green deaths (Pan)
  2 black suns (Pan)
  A merfolk javelineer (Shoals:4)
  27 vault guards
  3 quicksilver dragon zombies
  5 deep elf high priests
  11 fire dragons
  15 blizzard demons
  A minotaur (shapeshifter) (Zot:3)
  3 death oozes (Slime:6)
  10 deep elf death magi
  17 mummy priests
  7 merfolk impalers
  9 ettins
  3 jiangshi
  7 rakshasas
  2 quicksilver dragon skeletons
  Fannar (Lair:3)
  7 great orbs of eyes
  9 yaktaur captains
  A catoblepas (Lair:8)
  Harold (D:10)
  4 entropy weavers
  4 hell beasts
  2 spriggan air magi
  A hydra (shapeshifter) (Zot:3)
  6 hydras
  A ghost crab (Tar:7)
  25 ice dragons
  5 monstrous demonspawn (Pan)
  A merfolk avatar (Shoals:4)
  An alligator snapping turtle (Shoals:4)
  6 centaur warriors
  A satyr (shapeshifter) (Zot:3)
  2 death knights (Zot:3)
  8 ogre magi
  4 satyrs
  5 deep troll earth magi
  3 dancing weapons
  3 deep troll shamans
  3 tengu warriors
  7 orc high priests
  5 death yaks (Lair:8)
  6 hell knights
  2 storm dragon zombies
  3 spriggan berserkers
  2 titan skeletons (Coc:7)
  A spriggan (Depths:5)
  6 hell hogs
  An iron golem (Hell)
  10 soul eaters
  A wretched star (Abyss:1)
  A salamander mystic (Geh:6)
  49 skeletal warriors
  51 death scarabs
  2 unseen horrors
  21 deep elf knights
  6 flayed ghosts
  4 fire crabs
  8 iron trolls
  6 shadow wraiths
  8 deep trolls
  10 sea snakes
  5 starcursed masses (Abyss:1)
  6 gelid demonspawn (Pan)
  12 sun demons
  A golden dragon zombie (Geh:4)
  4 giant orange brains
  A ghost moth zombie (Geh:7)
  4 deep elf summoners
  10 shadow demons
  30 ice devils
  6 anaconda zombies
  A deep troll (shapeshifter) (Depths:2)
  4 harpies
  9 putrid demonspawn (Pan)
  4 torturous demonspawn (Pan)
  4 ice statues
  A wolf spider zombie (Coc:7)
  3 golden dragon skeletons
  2 shadow dragon zombies
  18 orc knights
  A swamp dragon (Depths:5)
  3 hill giants
  2 anaconda skeletons
  4 wizards
  A swamp dragon (shapeshifter) (Depths:5)
  Pikel (D:8)
  2 wolf spiders (shapeshifter) (Vaults:5)
  5 infernal demonspawn (Pan)
  23 anubis guards
  2 kraken simulacra (Coc:7)
  A sphinx zombie (Vaults:4)
  A lindwurm (Depths:5)
  12 ironbrand convokers
  3 stone giant zombies
  13 griffons
  12 orb spiders
  3 iron dragon zombies
  9 necromancers
  2 hornets
  27 ugly things
  8 cyclopes
  16 deep elf conjurers
  3 oklob plants (Zot:4)
  6 orc sorcerers
  3 frost giant zombies
  6 fauns
  A hornet (shapeshifter) (Vaults:4)
  A guardian serpent (shapeshifter) (Elf:3)
  14 wolf spiders
  19 phantasmal warriors
  A water nymph (shapeshifter) (Vaults:5)
  5 shining eyes (Slime:6)
  14 moths of wrath
  12 manticores
  6 salamanders
  2 sirens
  5 black mambas
  18 sixfirhies (Pan)
  3 guardian serpents (Zot:3)
  5 eyes of devastation
  A frost giant skeleton (Tar:7)
  2 titan simulacra
  5 water nymphs
  An iron dragon skeleton (Tomb:3)
  2 toenail golems (Volcano)
  8 vault sentinels
  A centaur zombie (D:14)
  2 gargoyles
  17 smoke demons
  2 fire giant skeletons
  A torpor snail (Spider:4)
  14 rust devils
  2 molten gargoyles (Geh:7)
  15 elephants
  A shock serpent skeleton (Crypt:2)
  2 efreet
  4 storm dragon simulacra (Coc:7)
  4 spiny frogs
  10 demonic crawlers
  2 centaur skeletons
  5 orange demons (Pan)
  An emperor scorpion zombie (Coc:2)
  17 hellions
  6 trolls
  5 anaconda simulacra
  13 tormentors
  30 yaktaurs
  11 komodo dragons
  A fire drake (shapeshifter) (Vaults:5)
  A komodo dragon (shapeshifter) (Vaults:2)
  A queen bee (D:13)
  5 harpy zombies
  10 hellwings (Pan)
  3 polar bears
  A wind drake (Lair:3)
  4 hydra zombies
  8 jumping spiders
  2 yaktaur skeletons (Vaults:4)
  A jumping spider (shapeshifter) (Vaults:2)
  17 freezing wraiths
  17 deep elf priests
  A minotaur zombie (Crypt:2)
  2 burning bushes (Zot:4)
  15 red devils
  3 silent spectres
  23 guardian mummies
  14 merfolk
  10 blue devils
  3 raiju (Zot:3)
  9 two-headed ogres
  2 alligator zombies
  19 blink frogs
  A sphinx simulacrum (Vaults:2)
  A minotaur skeleton (Tomb:3)
  3 fire dragon zombies
  5 boulder beetles
  A frost giant simulacrum (Coc:3)
  A boulder beetle (shapeshifter) (Depths:3)
  4 ice dragon zombies
  5 bog bodies (Coc:7)
  A hydra skeleton (Tomb:2)
  6 ushabtiu
  2 spriggan zombies
  78 slime creatures
  2 ettin zombies (Geh:7)
  15 trapdoor spiders
  4 snapping turtles
  4 air elementals
  2 black mamba zombies
  A wyvern (Lair:5)
  27 deep elf magi
  14 water elementals
  The ghost of 4thArraOfDagon the Ruffian, an average TrCK of Xom (D:6)
  An ettin skeleton (Coc:7)
  3 vampires
  A spriggan (shapeshifter) (Vaults:4)
  9 shadows
  3 ice dragon skeletons
  13 redbacks
  9 fire elementals
  12 tarantellas
  A tarantella (shapeshifter) (Elf:1)
  44 yaks
  43 flying skulls
  13 neqoxecs
  2 dire elephant simulacra (IceCv)
  5 ynoxinuls (Pan)
  6 humans
  2 basilisks
  Grum (D:8)
  A hippogriff (shapeshifter) (Vaults:4)
  12 wraiths
  3 iron troll simulacra (IceCv)
  4 wargs
  A chaos spawn (Pan)
  28 deep elf fighters
  3 harpy simulacra (IceCv)
  17 hydra simulacra
  15 vampire mosquitoes
  11 wolves
  12 hippogriffs
  3 hungry ghosts
  2 mottled dragons
  11 water moccasins
  A spatial vortex (Tar:7)
  An orb spider zombie (Crypt:2)
  4 death yak simulacra (IceCv)
  3 ice beasts
  21 hell hounds
  5 spiny frog zombies
  2 necrophages
  30 orc warriors
  8 porcupines
  3 slaves (D:8)
  A merfolk skeleton (Crypt:2)
  4 spiny frog skeletons
  A snapping turtle zombie (Coc:7)
  4 eyes of draining
  A sky beast (D:12)
  26 spiders
  An alligator simulacrum (Coc:7)
  A phantom (Geh:3)
  A swamp dragon zombie (Tar:6)
  17 ogres
  2 wasps
  An ettin simulacrum (IceCv)
  9 centaurs
  An eye of draining (shapeshifter) (Depths:4)
  21 crocodiles
  A manticore skeleton (Tar:7)
  A manticore zombie (Geh:7)
  6 boggarts
  A small abomination (Abyss:1)
  A big kobold (D:13)
  Blork the orc (D:4)
  18 giant frogs
  2 scorpions
  2 wyvern zombies
  39 killer bees
  Dowan (D:7)
  A cyclops skeleton (Crypt:2)
  An elephant simulacrum (IceCv)
  14 wights
  An oklob sapling (Zot:4)
  3 quasits
  10 crimson imps
  14 jellies
  3 giant frog skeletons
  A giant frog zombie (D:12)
  A human skeleton (Coc:2)
  18 orc priests
  6 iron imps
  3 hounds
  4 draconian simulacra (IceCv)
  16 orc wizards
  3 iguanas
  6 worker ants
  2 spriggan simulacra (IceCv)
  5 troll simulacra (IceCv)
  7 hell rats (Hell)
  A killer bee zombie (D:8)
  10 sheep
  A wolf simulacrum (IceCv)
  A tengu zombie (Dis:7)
  A centaur simulacrum (IceCv)
  21 mummies
  A worker ant zombie (D:8)
  3 gnolls (D:7)
  26 river rats
  3 adders
  5 naga simulacra (IceCv)
  3 ogre simulacra (IceCv)
  7 white imps
  9 shadow imps
  A giant eyeball (Abyss:5)
  5 ufetubi (IceCv)
  An adder skeleton (D:3)
  A sheep skeleton (Crypt:2)
  2 worms
  4 giant geckos
  116 orcs
  12 bats
  2 giant cockroaches
  A quokka (D:4)
  A ball python (D:3)
  A giant gecko skeleton (D:5)
  A giant newt (D:3)
  7 kobolds (D:13)
  12 rats
  A crawling corpse (Elf:1)
  A fire vortex (Geh:4)
  A plant (Shoals:4)
  7 tentacles
  A tentacle segment (Abyss:5)
2777 creatures vanquished.

Vanquished Creatures (collateral kills)
  A golden dragon (Vaults:5)
  An octopode crusher (Shoals:3)
  An eldritch tentacle (Coc:7)
  A fire giant (Depths:3)
  An azure jelly (Slime:6)
  An ironheart preserver (Vaults:2)
  A very ugly thing (Depths:3)
  A death ooze (Slime:6)
  A merfolk impaler (Shoals:4)
  A hydra (Elf:1)
  3 merfolk aquamancers
  A merfolk avatar (Shoals:4)
  A sea snake (Shoals:4)
  A phantasmal warrior (Vaults:5)
  3 manticores (Shoals:4)
  A wolf spider (Vaults:5)
  3 harpies (Shoals:4)
  A rust devil (Pan)
  A smoke demon (Hell)
  A sixfirhy (Pan)
  A catoblepas skeleton (Coc:7)
  A harpy zombie (Zot:3)
  4 merfolk (Shoals:3)
  2 blink frogs (Lair:6)
  An ettin skeleton (Coc:7)
  3 redbacks (Depths:3)
  A wraith (Dis:7)
  A spiny frog zombie (Coc:7)
  2 water moccasins
  A spiny frog skeleton (Coc:7)
  A black bear (Lair:8)
  A swamp dragon skeleton (Coc:7)
  A river rat (Lair:2)
  An orc (Elf:3)
  A kobold skeleton (Coc:7)
  A butterfly (Zot:3)
  A plant (Shoals:4)
50 creatures vanquished.

Vanquished Creatures (others)
  A quicksilver dragon (Zot:3)
  A fire giant (Vaults:5)
  A vault guard (Vaults:5)
  A titan zombie (Geh:7)
  A deep elf knight (Elf:2)
  4 hell hogs (Geh:7)
  A titan skeleton (Geh:7)
  A death scarab (Tomb:2)
  A storm dragon skeleton (Tomb:2)
  An unseen horror (shapeshifter) (Depths:5)
  A golden dragon skeleton (Geh:7)
  An orange demon (Pan)
  A harpy zombie (Tomb:2)
  A merfolk (Tomb:2)
  An ettin zombie (Tomb:2)
  13 flying skulls
  A deep elf mage (Elf:2)
  A fire dragon skeleton (Tomb:2)
  A vampire (Geh:7)
  A chaos spawn (Pan)
  A wraith (Geh:1)
  A water elemental (Hell)
  A hog (shapeshifter) (Depths:2)
  A deep elf fighter (Elf:2)
  A gelid demonspawn skeleton (Coc:7)
  A sky beast (D:11)
  A necrophage (Geh:1)
  A boggart (Depths:3)
  An ogre (Vaults:2)
  4 wights
  An orc wizard (Orc:4)
  3 orcs
  5 eldritch tentacle segments (Pan)
  2 fire vortices (Pan)
  16 fungi
  A lost soul (Crypt:2)
  A lurking horror (Abyss:1)
  14 plants
  2 starspawn tentacles (Abyss:5)
  34 tentacles
  475 tentacle segments
602 creatures vanquished.

Grand Total: 3429 creatures vanquished

Notes
Turn   | Place    | Note
--------------------------------------------------------------
     0 | D:1      | 4thArraOfDagon the Troll Chaos Knight began the quest for the Orb.
     0 | D:1      | Reached XP level 1. HP: 22/22 MP: 0/0
    70 | D:1      | You fall through a shaft!
   184 | D:3      | Reached XP level 2. HP: 29/29 MP: 1/1
   284 | D:4      | Noticed Blork the orc
   288 | D:4      | XOM: silly message
   289 | D:4      | XOM: harmless Erth miscast
   294 | D:4      | Killed Blork the orc
   294 | D:4      | Reached skill level 4 in Unarmed Combat
   294 | D:4      | Reached XP level 3. HP: 11/37 MP: 2/2
   294 | D:4      | Reached XP level 4. HP: 13/45 MP: 3/3
   356 | D:5      | XOM: noise
   356 | D:5      | Entered Level 5 of the Dungeon
   364 | D:5      | XOM: cast spell 'Blink'
   411 | D:5      | Noticed a centaur
   421 | D:5      | Killed a centaur
   421 | D:5      | Reached XP level 5. HP: 42/53 MP: 4/4
   443 | D:5      | XOM: cast spell 'Olgreb's Toxic Radiance'
   453 | D:6      | XOM: stealth player
   489 | D:6      | Reached skill level 5 in Unarmed Combat
   512 | D:6      | Noticed 4thArraOfDagon's ghost (average TrCK)
   540 | D:6      | XOM: harmless Pois miscast
   560 | D:6      | Killed 4thArraOfDagon's ghost
   560 | D:6      | Reached XP level 6. HP: 45/62 MP: 5/5
   724 | D:5      | XOM: harmless Trmt miscast
   790 | D:6      | XOM: harmless Fire miscast
   801 | D:6      | Found an opulent altar of Gozag.
   818 | D:6      | Reached skill level 6 in Unarmed Combat
   818 | D:6      | Reached XP level 7. HP: 63/70 MP: 6/6
   824 | D:6      | XOM: colour smoke trail
   931 | D:4      | Noticed a scorpion
   932 | D:4      | XOM: cast spell 'Dispersal'
   943 | D:4      | XOM: silly message
   957 | D:4      | Killed a scorpion
  1014 | D:4      | Found a staircase to the Ecumenical Temple.
  1018 | D:4      | XOM: cast spell 'Statue Form'
  1023 | Temple   | Entered the Ecumenical Temple
  1118 | Temple   | Fell from the grace of Xom
  1118 | Temple   | Became a worshipper of Cheibriados the Contemplative
  1280 | D:7      | XOM: give mutations
  1280 | D:7      | Gained mutation: Your muscles are strong. (Str +2) [Xom's mischief]
  1280 | D:7      | Gained mutation: You are dopey. (Int -2) [Xom's mischief]
  1365 | D:7      | Noticed Dowan
  1366 | D:7      | Noticed Duvessa
  1378 | D:7      | Killed Dowan
  1378 | D:7      | Reached skill level 1 in Invocations
  1402 | D:7      | Noticed a gargoyle
  1416 | D:7      | Killed a gargoyle
  1416 | D:7      | Reached skill level 7 in Unarmed Combat
  1416 | D:7      | Reached XP level 8. HP: 76/79 MP: 6/8
  1462 | D:7      | Learned a level 3 spell: Regeneration
  1464 | D:7      | Learned a level 1 spell: Animate Skeleton
  1508 | D:7      | Reached skill level 1 in Evocations
  1571 | D:8      | Acquired Cheibriados's first power
  1579 | D:8      | XOM: summons 1 hostile demon
  1583 | D:8      | Noticed Pikel
  1700 | D:8      | Noticed Grum
  1708 | D:7      | XOM: medium Pois miscast
  1712 | D:7      | Reached skill level 5 in Fighting
  1712 | D:7      | Reached skill level 1 in Necromancy
  1739 | D:7      | Reached skill level 8 in Unarmed Combat
  1767 | D:8      | Killed Grum
  1767 | D:8      | Reached XP level 9. HP: 70/88 MP: 10/10
  1812 | D:8      | Noticed Erica
  1822 | D:8      | XOM: medium Conj miscast
  1839 | D:8      | Reached skill level 1 in Charms
  1905 | D:8      | HP: 4/88 [centaur (4)]
  2088 | D:8      | XOM: mild Chrm miscast
  2156 | D:9      | Found a blossoming altar of Fedhas.
  2220 | D:9      | Reached skill level 5 in Dodging
  2329 | D:8      | XOM: enchant monster (bad)
  2365 | D:8      | Killed Pikel
  2408 | D:9      | Reached skill level 1 in Spellcasting
  2450 | D:9      | XOM: medium Air miscast
  2479 | D:10     | Entered Level 10 of the Dungeon
  2522 | D:10     | Found Ammoab's Distillery.
  2524 | D:10     | XOM: medium Chrm miscast
  2528 | D:10     | Bought a potion of lignification for 42 gold pieces
  2528 | D:10     | Bought a potion of heal wounds for 70 gold pieces
  2528 | D:10     | Bought a potion of agility for 56 gold pieces
  2528 | D:10     | Bought a potion of curing for 42 gold pieces
  2552 | D:10     | XOM: 3-stop teleportation journey
  2558 | D:10     | Reached XP level 10. HP: 96/96 MP: 11/11
  2559 | D:10     | XOM: enchant monster (good)
  2574 | D:10     | Acquired Cheibriados's second power
  2598 | D:10     | Noticed Harold
  2719 | D:11     | Found a staircase to the Orcish Mines.
  2775 | D:11     | Acquired Cheibriados's third power
  2775 | D:11     | Reached skill level 9 in Unarmed Combat
  2926 | D:11     | Noticed Psyche
  3068 | D:10     | Reached skill level 10 in Unarmed Combat
  3101 | D:10     | Killed Harold
  3134 | D:10     | Bought a potion of agility for 56 gold pieces
  3134 | D:10     | Bought a potion of degeneration for 14 gold pieces
  3163 | D:11     | Acquired Cheibriados's fourth power
  3173 | D:11     | Reached XP level 11. HP: 107/107 MP: 13/13
  3226 | D:12     | Killed an unseen horror
  3266 | D:11     | Reached skill level 5 in Invocations
  3337 | D:12     | Found a portal to a secret trove of treasure.
  3395 | D:12     | Noticed a six-headed hydra
  3449 | D:13     | XOM: medium Erth miscast
  3474 | D:13     | Lost mutation: You are dopey. (Int -2) [mutagenic meat]
  3475 | D:13     | Gained mutation: You are partially covered in thin metallic scales (AC +2). [mutagenic meat]
  3476 | D:13     | Gained mutation: You are resistant to hostile enchantments. [mutagenic meat]
  3477 | D:13     | Gained mutation: You are resistant to electric shocks. [mutagenic meat]
  3478 | D:13     | Gained mutation: You are mostly covered in thin metallic scales (AC +3). [mutagenic meat]
  3485 | D:13     | XOM: medium Erth miscast
  3512 | D:14     | Reached skill level 11 in Unarmed Combat
  3650 | D:15     | Entered Level 15 of the Dungeon
  3797 | D:15     | Found a staircase to the Depths.
  3797 | D:15     | Noticed a juggernaut zombie
  3797 | D:15     | Noticed a phantasmal warrior
  3799 | D:15     | Noticed a centaur warrior
  3815 | D:14     | Noticed a tengu warrior
  3831 | D:14     | Killed a tengu warrior
  3833 | D:14     | Noticed a five-headed hydra
  3880 | D:14     | Killed a one-headed hydra
  3900 | D:14     | XOM: noise
  3938 | D:14     | Reached XP level 12. HP: 109/118 MP: 15/15
  3989 | D:14     | Found a gate to the Vaults.
  4007 | D:14     | Noticed a tengu warrior
  4015 | D:14     | Killed a tengu warrior
  4015 | D:14     | Reached skill level 12 in Unarmed Combat
  4029 | D:14     | Noticed a necromancer
  4032 | D:14     | Killed an unseen horror
  4035 | D:14     | Killed a necromancer
  4043 | D:14     | XOM: summons 2 hostile demons
  4148 | D:13     | XOM: give mutations
  4148 | D:13     | Gained mutation: You are completely covered in thin metallic scales (AC +4, rElec). [Xom's mischief]
  4148 | D:13     | Gained mutation: You are clumsy. (Dex -2) [Xom's mischief]
  4148 | D:13     | Gained mutation: You occasionally shout uncontrollably at your foes. [Xom's mischief]
  4159 | D:13     | XOM: severe Hex miscast
  4216 | D:13     | XOM: noise
  4244 | D:13     | XOM: mild Air miscast
  4383 | D:13     | Found Ofa Riar's Food Boutique.
  4432 | D:12     | XOM: noise
  4513 | D:12     | Reached skill level 13 in Unarmed Combat
  4658 | Orc:1    | Entered Level 1 of the Orcish Mines
  4674 | Orc:1    | XOM: mild Divn miscast
  4852 | Orc:2    | Cast into the Abyss (Xom)
  4862 | Abyss:1  | XOM: medium Erth miscast
  4879 | Abyss:1  | dramatic change of tactics
  4980 | Abyss:1  | Noticed a tentacled starspawn
  5119 | Orc:2    | Escaped the Abyss
  5278 | Orc:4    | Entered Level 4 of the Orcish Mines
  5412 | Orc:4    | Found a staircase to the Elven Halls.
  5415 | Orc:4    | Found Xitzucho's Weapon Shop.
  5415 | Orc:4    | Found Zoje's Weapon Emporium.
  5415 | Orc:4    | Found Oseruwan's Armour Shop.
  5415 | Orc:4    | Found Isusirig's Weapon Emporium.
  5478 | Orc:4    | Found a dark tunnel.
  5490 | Volcano  | Entered a volcano
  5547 | Volcano  | Reached XP level 13. HP: 119/127 MP: 17/17
  6067 | Orc:4    | Reached skill level 14 in Unarmed Combat
  6094 | Orc:4    | Bought the +3 robe of Clouds {+Fly rElec} for 477 gold pieces
  6135 | Elf:1    | Entered Level 1 of the Elven Halls
  6212 | Elf:1    | Found an ancient bone altar of Kikubaaqudgha.
  6280 | Elf:1    | XOM: summons 5 hostile demons
  6313 | Elf:1    | Found Riwoer's Food Boutique.
  6534 | Elf:2    | Found a runed gate.
  6536 | Elf:2    | Found a runed gate.
  6536 | Elf:2    | Found a runed gate.
  6544 | Elf:2    | Reached skill level 15 in Unarmed Combat
  6582 | Elf:2    | Reached XP level 14. HP: 117/136 MP: 18/20
  6701 | Elf:3    | Entered Level 3 of the Elven Halls
  6740 | Elf:2    | XOM: give mutations
  6740 | Elf:2    | Lost mutation: Your muscles are strong. (Str +2) [Xom's mischief]
  6740 | Elf:2    | Lost mutation: You are clumsy. (Dex -2) [Xom's mischief]
  6744 | Elf:2    | Noticed Agnes
  6811 | Elf:3    | XOM: 2-stop teleportation journey
  6811 | Elf:3    | Was forgiven by Xom
  6978 | Elf:2    | Killed Agnes
  7052 | Elf:3    | HP: 6/136 [deep elf conjurer/bolt of fire (27)]
  7257 | Elf:3    | Reached skill level 10 in Dodging
  7508 | Elf:3    | You hear a loud clanging noise! You hear a shout! You hear a shout! You hear a shout! (22x)
  7528 | Elf:3    | Noticed a deep elf sorcerer
  7530 | Elf:3    | Killed a deep elf sorcerer
  7530 | Elf:3    | Reached skill level 5 in Necromancy
  7552 | Elf:3    | Noticed a deep elf sorcerer
  7576 | Elf:3    | Killed a deep elf sorcerer
  7637 | Elf:3    | Reached skill level 10 in Invocations
  7659 | Elf:3    | Reached skill level 16 in Unarmed Combat
  7684 | Elf:3    | Reached XP level 15. HP: 143/143 MP: 21/21
  7691 | Elf:3    | Noticed a deep elf blademaster
  7698 | Elf:3    | Killed a deep elf blademaster
  7702 | Elf:3    | Noticed Norris
  7727 | Elf:3    | Killed Norris
  7751 | Elf:3    | Noticed a deep elf blademaster
  7765 | Elf:3    | Killed a deep elf blademaster
  7958 | Elf:3    | PTOAANGGGG!
  8034 | Elf:3    | Noticed Donald
  8050 | Elf:3    | Killed Donald
  8050 | Elf:3    | Reached skill level 1 in Shields
  8088 | Elf:3    | Noticed a deep elf master archer
  8141 | Elf:3    | Killed a deep elf master archer
  8214 | Elf:3    | Got a transparent pewter ring
  8216 | Elf:3    | Identified the ring "Deri" {+/*Tele rN+ Dex+3} (You took it off a deep elf high priest on level 3 of the Elven Halls)
  8263 | Elf:3    | Got a ripped robe
  8278 | Elf:3    | Identified The Lost Secrets of the Arcane Arts
  8316 | Elf:3    | Identified Voam Qal's Papyrus of the Creative Traveller
  8319 | Elf:3    | Learned a level 1 spell: Apportation
  8324 | Elf:3    | Learned a level 4 spell: Passage of Golubria
  8336 | Elf:3    | Learned a level 5 spell: Phase Shift
  8378 | Elf:3    | Identified the +2 robe of Generosity {rElec rN+} (You took it off a deep elf demonologist on level 3 of the Elven Halls)
  8407 | Elf:3    | no statue = rip
  8708 | Elf:1    | Reached skill level 17 in Unarmed Combat
  8896 | D:10     | Found a staircase to the Lair.
  8902 | Lair:1   | Entered Level 1 of the Lair of Beasts
  9072 | Lair:2   | Reached XP level 16. HP: 145/152 MP: 23/23
  9306 | Lair:5   | ehh
  9365 | Lair:6   | Noticed Maud
  9380 | Lair:6   | Killed Maud
  9544 | Lair:6   | You fall through a shaft for 2 floors!
  9544 | Lair:8   | Entered Level 8 of the Lair of Beasts
  9641 | Lair:8   | Reached skill level 5 in Shields
 10338 | Lair:3   | Noticed Gastronok
 10361 | Lair:3   | Noticed Fannar
 10367 | Lair:3   | Killed Gastronok
 10369 | Lair:3   | gastrofuck
 10380 | Lair:3   | Killed Fannar
 10393 | Lair:3   | Noticed Rupert
 10412 | Lair:3   | Killed Rupert
 10452 | Lair:3   | Found a staircase to the Shoals.
 10458 | Shoals:1 | Entered Level 1 of the Shoals
 10494 | Lair:3   | Reached skill level 10 in Fighting
 10689 | Shoals:1 | Found a frozen archway.
 10706 | IceCv    | Entered an ice cave
 11090 | IceCv    | Noticed an Ice Fiend
 11104 | IceCv    | Killed an Ice Fiend
 11163 | IceCv    | Learned a level 4 spell: Ice Form
 11232 | Shoals:2 | Found Qiryego's Jewellery Emporium.
 11240 | Shoals:2 | Reached XP level 17. HP: 154/167 MP: 24/24
 11248 | Shoals:2 | Bought the ring "Qires" {rC+ MR+ Dex+4 Slay+2} for 770 gold pieces
 11248 | Shoals:2 | Bought a cursed ring of teleportation for 203 gold pieces
 11251 | Shoals:2 | Bought an uncursed amulet of resist mutation for 560 gold pieces
 11310 | Shoals:3 | Reached skill level 1 in Transmutations
 11313 | Shoals:3 | Reached skill level 1 in Ice Magic
 11394 | Shoals:3 | Identified a +7 rod of ignition (12/12) (You found it in an ice cave)
 11398 | Shoals:3 | rotfl
 11489 | Shoals:4 | Entered Level 4 of the Shoals
 11562 | Shoals:4 | Gained mutation: You can translocate small distances at will. [potion of mutation]
 11562 | Shoals:4 | Lost mutation: You can translocate small distances at will. [potion of mutation]
 11881 | Shoals:4 | Noticed Ilsuiw
 11892 | Shoals:4 | Killed Ilsuiw
 11931 | Shoals:4 | Your ally Ilsuiw died
 12020 | Shoals:4 | Got a barnacled rune of Zot
 12336 | Lair:4   | Reached skill level 1 in Translocations
 12368 | Lair:4   | Got a bound marble ring
 12493 | Lair:5   | You fall through a shaft!
 12849 | Lair:4   | Found a hole to the Spider Nest.
 12860 | Lair:4   | Identified the ring of Ceclypni {rElec AC+4 Str+6 Int-2} (You found it on level 4 of the Lair of Beasts)
 12868 | Spider:1 | Entered Level 1 of the Spider Nest
 13144 | Spider:2 | Noticed Arachne
 13154 | Spider:2 | Killed Arachne
 13197 | Spider:3 | Identified a scroll of acquirement
 13198 | Spider:3 | Got a jewelled cloak
 13237 | Spider:3 | Identified the +1 cloak of the Eternal Fruit {Int+2 Dex+3} (You acquired it on level 3 of the Spider Nest)
 13261 | Spider:3 | Reached skill level 5 in Translocations
 13363 | Spider:4 | Entered Level 4 of the Spider Nest
 13599 | Spider:4 | Reached XP level 18. HP: 176/176 MP: 19/25
 13699 | Spider:4 | Got a gossamer rune of Zot
 13766 | Spider:2 | Your ally Arachne died
 13938 | Lair:7   | Found a staircase to the Slime Pits.
 13994 | Slime:1  | Entered Level 1 of the Pits of Slime
 14484 | Slime:4  | Reached skill level 10 in Shields
 14557 | Slime:6  | Entered Level 6 of the Pits of Slime
 14772 | Slime:6  | Gained mutation: You are weak. (Str -2) [a shining eye]
 14778 | Slime:6  | Noticed the royal jelly
 14792 | Slime:6  | Killed the royal jelly
 14857 | Slime:6  | Learned a level 2 spell: Repel Missiles
 14861 | Slime:6  | Learned a level 2 spell: Blink
 14871 | Slime:6  | Learned a level 2 spell: Stoneskin
 14879 | Slime:6  | Identified the Disquisition on Battle Magic and the Glacier (You found it on level 6 of the Pits of Slime)
 14925 | Slime:6  | Identified Ontej's Almanac of the Mutagenic Traveller (You found it on level 6 of the Pits of Slime)
 14932 | Slime:6  | Reached skill level 1 in Earth Magic
 14961 | Slime:6  | Got a slimy rune of Zot
 15353 | Vaults:1 | Entered Level 1 of the Vaults
 15416 | Vaults:2 | Reached XP level 19. HP: 144/184 MP: 26/26
 15500 | Vaults:3 | Found Warol's Weapon Shop.
 15559 | Vaults:3 | Reached skill level 5 in Transmutations
 15762 | Vaults:4 | Reached skill level 5 in Spellcasting
 15938 | Vaults:4 | Learned a level 6 spell: Statue Form
 15948 | Vaults:5 | Entered Level 5 of the Vaults
 15948 | Vaults:5 | Noticed an ancient lich
 15954 | Vaults:5 | Killed an ancient lich
 15954 | Vaults:5 | Reached skill level 5 in Earth Magic
 16126 | Vaults:5 | Noticed a golden dragon
 16129 | Vaults:4 | Reached XP level 20. HP: 193/193 MP: 17/29
 16139 | Vaults:5 | Killed a golden dragon
 16209 | Vaults:5 | Noticed a golden dragon
 16215 | Vaults:5 | Killed a golden dragon
 16372 | Vaults:5 | Got a silver rune of Zot
 16504 | Vaults:5 | Noticed Jorgrun
 16510 | Vaults:5 | Killed Jorgrun
 16639 | Vaults:5 | Reached skill level 10 in Earth Magic
 16676 | Vaults:5 | Noticed a golden dragon
 16684 | Vaults:5 | Killed a golden dragon
 16881 | Vaults:5 | Gained mutation: You have large cloven feet. [potion of beneficial mutation]
 16939 | Vaults:4 | Reached XP level 21. HP: 200/200 MP: 32/32
 17114 | Vaults:3 | Noticed Margery
 17122 | Vaults:3 | Killed Margery
 17335 | Vaults:2 | Found Usysah's Assorted Antiques.
 17336 | Vaults:2 | Noticed Nikola
 17343 | Vaults:2 | Killed Nikola
 17357 | Vaults:2 | Bought a scroll labeled FAKAASMI CARUD for 31 gold pieces
 17357 | Vaults:2 | Bought a scorched golden ring for 155 gold pieces
 17380 | Vaults:2 | Identified the ring of Tyamayr {rF+ MP+9} (You bought it in a shop on level 2 of the Vaults)
 17477 | Vaults:2 | Found a staircase to the Crypt.
 17505 | Crypt:1  | Entered Level 1 of the Crypt
 17587 | Crypt:2  | Got a faintly glowing cloak
 17592 | Crypt:2  | Identified the +1 cloak of Wonder {Str+2 Int+3} (You acquired it on level 2 of the Crypt)
 17600 | Crypt:3  | Entered Level 3 of the Crypt
 17663 | Crypt:3  | Found a staircase to the Tomb.
 17663 | Crypt:3  | Noticed an ancient lich
 17667 | Crypt:3  | Killed an ancient lich
 17679 | Crypt:3  | Identified the Volume of Creative Sinister Magic (You found it on level 3 of the Crypt)
 17689 | Tomb:1   | Entered Level 1 of the Tomb of the Ancients
 17750 | Tomb:1   | Got a jewelled large shield
 17761 | Tomb:1   | Identified the +3 large shield of the Blessed Realm {rF- rN++ MP+9 Slay+2} (You acquired it on level 1 of the Tomb of the Ancients)
 17778 | Tomb:1   | Noticed a greater mummy
 17778 | Tomb:1   | Noticed a greater mummy
 17778 | Tomb:1   | Noticed a greater mummy
 17780 | Tomb:1   | Killed a greater mummy
 17782 | Tomb:1   | Noticed a greater mummy
 17783 | Tomb:1   | Killed a greater mummy
 17787 | Tomb:1   | Killed a greater mummy
 17787 | Tomb:1   | Reached skill level 5 in Evocations
 17795 | Tomb:1   | Killed a greater mummy
 17825 | Tomb:1   | Noticed a greater mummy
 17829 | Tomb:1   | Killed a greater mummy
 17831 | Tomb:1   | Noticed a greater mummy
 17834 | Tomb:1   | Killed a greater mummy
 17834 | Tomb:1   | Reached XP level 22. HP: 188/213 MP: 34/34
 17838 | Tomb:1   | Reached skill level 10 in Spellcasting
 17880 | Tomb:2   | Noticed a greater mummy
 17941 | Tomb:2   | Noticed a greater mummy
 17944 | Tomb:2   | Noticed a greater mummy
 17946 | Tomb:2   | Killed a greater mummy
 17999 | Tomb:3   | Entered Level 3 of the Tomb of the Ancients
 18032 | Tomb:3   | Noticed a greater mummy
 18073 | Tomb:3   | Noticed a greater mummy
 18092 | Tomb:3   | Noticed a greater mummy
 18131 | Tomb:2   | Killed a greater mummy
 18145 | Tomb:3   | Noticed a greater mummy
 18224 | Tomb:3   | Noticed a greater mummy
 18230 | Tomb:2   | Killed a greater mummy
 18250 | Tomb:2   | Killed a greater mummy
 18297 | Tomb:2   | Killed a greater mummy
 18338 | Tomb:3   | Killed a greater mummy
 18383 | Tomb:3   | Noticed a greater mummy
 18389 | Tomb:3   | Killed a greater mummy
 18407 | Tomb:3   | Noticed a greater mummy
 18415 | Tomb:3   | Killed a greater mummy
 18462 | Tomb:3   | Reached XP level 23. HP: 223/223 MP: 37/37
 18477 | Tomb:3   | Identified Goil's Volume of Creative Aid (You found it on level 3 of the Tomb of the Ancients)
 18497 | Tomb:3   | Identified Banla's Collected Works on Ice (You found it on level 3 of the Tomb of the Ancients)
 18497 | Tomb:3   | Identified Jexup's Grimoire of Clay (You found it on level 3 of the Tomb of the Ancients)
 18562 | Tomb:3   | Noticed Khufu
 18574 | Tomb:3   | Killed Khufu
 18574 | Tomb:3   | Reached skill level 15 in Shields
 18583 | Tomb:3   | Got a golden rune of Zot
 18846 | Crypt:1  | Reached skill level 18 in Unarmed Combat
 18946 | D:15     | Noticed a necromancer
 18948 | D:15     | Noticed a skeletal warrior
 18948 | D:15     | Noticed a hill giant
 18948 | D:15     | Killed a juggernaut zombie
 18951 | D:15     | Killed a centaur warrior
 18952 | D:15     | Killed a skeletal warrior
 18954 | D:15     | Killed a hill giant
 18965 | D:15     | Killed a necromancer
 18971 | D:15     | Killed a phantasmal warrior
 18995 | Depths:1 | Entered Level 1 of the Depths
 19033 | Depths:3 | Reached skill level 19 in Unarmed Combat
 19153 | Depths:3 | Noticed achirane's ghost (mighty CeHu)
 19157 | Depths:3 | Killed achirane's ghost
 19223 | Depths:3 | Found a gateway to Hell.
 19248 | Hell     | Entered the Vestibule of Hell
 19248 | Hell     | Noticed Geryon
 19274 | Depths:3 | Reached skill level 20 in Unarmed Combat
 19285 | Hell     | Killed Geryon
 19327 | Hell     | Found a gateway to the Iron City of Dis.
 19343 | Dis:1    | Entered Level 1 of the Iron City of Dis
 19343 | Dis:1    | Found a gateway to Hell.
 19380 | Dis:2    | Found a gateway to Hell.
 19380 | Dis:2    | Found a gateway to Hell.
 19396 | Dis:3    | Found a gateway to Hell.
 19443 | Dis:3    | Found a gateway to Hell.
 19459 | Dis:4    | Found a gateway to Hell.
 19466 | Dis:4    | Found a gateway to Hell.
 19519 | Dis:5    | Found a gateway to Hell.
 19592 | Dis:5    | Reached XP level 24. HP: 234/234 MP: 37/37
 19604 | Dis:6    | Found a gateway to Hell.
 19651 | Dis:7    | Entered Level 7 of the Iron City of Dis
 19651 | Dis:7    | Found a gateway to Hell.
 19662 | Dis:7    | Gained mutation: You are clumsy. (Dex -2) [a cacodemon]
 19710 | Dis:7    | Found a gateway to Hell.
 19746 | Dis:7    | Gained mutation: Your magical capacity is low (-10% MP). [a cacodemon]
 19793 | Dis:7    | HP: 15/306 [reaper/scythe of flaming (33)]
 19902 | Dis:7    | Noticed Dispater
 19911 | Dis:7    | Killed Dispater
 19955 | Dis:7    | Got an iron rune of Zot
 19971 | Dis:7    | Noticed the Serpent of Hell
 20067 | Hell     | Found a gateway to the freezing wastes of Cocytus.
 20089 | Coc:1    | Entered Level 1 of Cocytus
 20089 | Coc:1    | Found a gateway to Hell.
 20099 | Coc:2    | Found a gateway to Hell.
 20110 | Coc:2    | Found a gateway to Hell.
 20117 | Coc:2    | Found a gateway to Hell.
 20146 | Coc:3    | Found a gateway to Hell.
 20170 | Coc:3    | Found a gateway to Hell.
 20213 | Coc:3    | Found a gateway to Hell.
 20222 | Coc:3    | Found a gateway to Hell.
 20229 | Coc:4    | Found a gateway to Hell.
 20233 | Coc:5    | Found a gateway to Hell.
 20245 | Coc:6    | Found a gateway to Hell.
 20245 | Coc:6    | Found a gateway to Hell.
 20249 | Coc:7    | Entered Level 7 of Cocytus
 20282 | Coc:7    | Reached skill level 15 in Fighting
 20371 | Coc:7    | Reached skill level 10 in Evocations
 20382 | Coc:7    | Reached XP level 25. HP: 240/254 MP: 29/33
 20495 | Coc:7    | Noticed Antaeus
 20561 | Coc:7    | Killed Antaeus
 20588 | Coc:7    | Identified the Volume of Dislocation (You found it on level 7 of Cocytus)
 20593 | Coc:7    | Got an icy rune of Zot
 20653 | Coc:7    | Your ally Antaeus died
 20791 | Coc:7    | Found a gateway to Hell.
 20793 | Coc:7    | Found a gateway to Hell.
 20795 | Coc:7    | Found a gateway to Hell.
 20838 | Hell     | Gained mutation: Your body sometimes deteriorates upon taking damage. [mutagenic glow]
 20879 | Hell     | Found a gateway to the decaying netherworld of Tartarus.
 20891 | Tar:1    | Entered Level 1 of Tartarus
 20891 | Tar:1    | Found a gateway to Hell.
 20909 | Tar:2    | Found a gateway to Hell.
 20916 | Tar:3    | Found a gateway to Hell.
 20972 | Tar:3    | You fall through a shaft!
 21003 | Tar:7    | Entered Level 7 of Tartarus
 21003 | Tar:7    | Found a gateway to Hell.
 21219 | Tar:7    | Noticed Ereshkigal
 21228 | Tar:7    | Killed Ereshkigal
 21229 | Tar:7    | Reached XP level 26. HP: 275/275 MP: 33/33
 21244 | Tar:7    | Got a bone rune of Zot
 21255 | Tar:7    | Found a gateway to Hell.
 21345 | Hell     | Found a gateway to the ashen valley of Gehenna.
 21372 | Geh:1    | Entered Level 1 of Gehenna
 21372 | Geh:1    | Found a gateway to Hell.
 21397 | Geh:2    | Found a gateway to Hell.
 21417 | Geh:3    | Found a gateway to Hell.
 21432 | Geh:4    | Found a gateway to Hell.
 21466 | Geh:4    | You fall through a shaft!
 21485 | Geh:6    | Found a gateway to Hell.
 21572 | Geh:7    | Entered Level 7 of Gehenna
 21572 | Geh:7    | Found a gateway to Hell.
 21644 | Geh:7    | Noticed Asmodeus
 21663 | Geh:7    | HP: 18/362 [sun demon (4)]
 21669 | Geh:7    | HP: 18/362 [sun demon (3)]
 21674 | Geh:7    | Got an obsidian rune of Zot
 21687 | Geh:7    | HP: 5/362 [titan skeleton[the effects of Hell] (29)]
 21946 | Depths:3 | Identified the Almanac of the Volcanoes (You found it on level 3 of the Depths)
 21954 | Depths:3 | Noticed a juggernaut
 21957 | Depths:3 | Killed a juggernaut
 22116 | Depths:4 | Found a gateway to a bazaar.
 22128 | Bazaar   | Entered a bazaar
 22128 | Bazaar   | Found Ezot's General Store.
 22128 | Bazaar   | Found Lamuicerch's Distillery.
 22131 | Bazaar   | Found Pohuc's Antique Weapon Boutique.
 22134 | Bazaar   | Bought a potion of heal wounds for 40 gold pieces
 22134 | Bazaar   | Bought a potion of ambrosia for 64 gold pieces
 22134 | Bazaar   | Bought a potion of heal wounds for 40 gold pieces
 22134 | Bazaar   | Bought a potion of cancellation for 64 gold pieces
 22134 | Bazaar   | Bought a potion of cancellation for 64 gold pieces
 22134 | Bazaar   | Bought a potion of agility for 32 gold pieces
 22134 | Bazaar   | Bought a potion of curing for 24 gold pieces
 22137 | Bazaar   | Found Udilucao's Jewellery Emporium.
 22145 | Bazaar   | Bought the macabre finger necklace {Ward rN+} for 264 gold pieces
 22149 | Bazaar   | Found Liasch Ketocu's Antique Armour Emporium.
 22209 | Depths:4 | Found a corrupted altar of Lugonu.
 22209 | Depths:4 | Found a one-way gate to the infinite horrors of the Abyss.
 22477 | Depths:5 | Entered Level 5 of the Depths
 22499 | Depths:5 | Found a gate to the Realm of Zot.
 22515 | Depths:5 | Noticed Saint Roka
 22592 | Depths:5 | Killed Saint Roka
 22592 | Depths:5 | Reached skill level 15 in Invocations
 22728 | Depths:2 | Reached XP level 27. HP: 287/287 MP: 33/33
 22849 | Depths:3 | Found a one-way gate leading to the halls of Pandemonium.
 22855 | Pan      | Entered Pandemonium
 22871 | Pan      | Found an exit through the horrors of the Abyss.
 22985 | Pan      | Found an exit through the horrors of the Abyss.
 23003 | Pan      | Gained mutation: You are very weak. (Str -4) [a cacodemon]
 23007 | Pan      | Noticed Aratemas the pandemonium lord
 23031 | Pan      | Killed Aratemas the pandemonium lord
 23049 | Pan      | Noticed Evaq the pandemonium lord
 23053 | Pan      | Killed Evaq the pandemonium lord
 23066 | Pan      | Lost mutation: You are clumsy. (Dex -2) [a cacodemon]
 23068 | Pan      | Gained mutation: Scrolls take you a little longer to read. [a cacodemon]
 23079 | Pan      | Got a demonic rune of Zot
 23154 | Pan      | Entered the realm of Cerebov.
 23156 | Pan      | Noticed Cerebov
 23168 | Pan      | Got a fiery rune of Zot
 23179 | Pan      | Found an exit through the horrors of the Abyss.
 23292 | Pan      | Found an exit through the horrors of the Abyss.
 23368 | Pan      | Noticed Cerebov
 23465 | Pan      | Found an exit through the horrors of the Abyss.
 23499 | Pan      | Noticed Issymoc the pandemonium lord
 23525 | Depths:3 | Escaped Pandemonium
 23579 | Pan      | Entered the realm of Gloorx Vloq.
 23579 | Pan      | Entered Pandemonium
 23610 | Pan      | Noticed Gloorx Vloq
 23618 | Pan      | Killed Gloorx Vloq
 23655 | Pan      | Got a dark rune of Zot
 23694 | Pan      | Gained mutation: Your magical capacity is very low (-20% MP). [a neqoxec]
 23704 | Pan      | Found an exit through the horrors of the Abyss.
 23728 | Pan      | Took an exit into the Abyss.
 23728 | Abyss:1  | Escaped into the Abyss
 23741 | Abyss:1  | Found a corrupted altar of Lugonu.
 23806 | Abyss:1  | Found a corrupted altar of Lugonu.
 23972 | Abyss:5  | Entered Level 5 of the Abyss
 24003 | Abyss:5  | Found a corrupted altar of Lugonu.
 24017 | Abyss:5  | Got an abyssal rune of Zot
 24068 | Abyss:5  | Found a corrupted altar of Lugonu.
 24071 | Depths:3 | Escaped the Abyss
 24073 | Pan      | Entered Pandemonium
 24081 | Pan      | Found an exit through the horrors of the Abyss.
 24149 | Pan      | Noticed Anymnom the pandemonium lord
 24196 | Pan      | Gained mutation: Potions and wands are less effective at restoring your health. [a neqoxec]
 24198 | Pan      | Gained mutation: Armour fits poorly on your strangely shaped body. [a neqoxec]
 24201 | Pan      | Noticed Fisalar the pandemonium lord
 24206 | Pan      | Killed Fisalar the pandemonium lord
 24251 | Pan      | Noticed Zostrago the pandemonium lord
 24322 | Depths:3 | Escaped Pandemonium
 24324 | Pan      | Entered Pandemonium
 24345 | Pan      | Found an exit through the horrors of the Abyss.
 24385 | Pan      | Entered the realm of Lom Lobon.
 24450 | Pan      | Noticed Lom Lobon
 24452 | Pan      | Got a magical rune of Zot
 24488 | Pan      | Found an exit through the horrors of the Abyss.
 24536 | Pan      | Noticed Cerebov
 24610 | Pan      | Found an exit through the horrors of the Abyss.
 24755 | Pan      | Gained mutation: You are frail (-10% HP). [a neqoxec]
 24763 | Pan      | Noticed Wyweuhelim the pandemonium lord
 24771 | Pan      | Killed Wyweuhelim the pandemonium lord
 24796 | Pan      | Lost mutation: Your magical capacity is very low (-20% MP). [potion of cure mutation]
 24796 | Pan      | Lost mutation: You have large cloven feet. [potion of cure mutation]
 24796 | Pan      | Lost mutation: Your magical capacity is low (-10% MP). [potion of cure mutation]
 24796 | Pan      | Lost mutation: You occasionally shout uncontrollably at your foes. [potion of cure mutation]
 24796 | Pan      | Lost mutation: You are completely covered in thin metallic scales (AC +4, rElec). [potion of cure mutation]
 24797 | Pan      | Lost mutation: Armour fits poorly on your strangely shaped body. [potion of cure mutation]
 24797 | Pan      | Lost mutation: Scrolls take you a little longer to read. [potion of cure mutation]
 24797 | Pan      | Lost mutation: Your body sometimes deteriorates upon taking damage. [potion of cure mutation]
 24797 | Pan      | Lost mutation: You are frail (-10% HP). [potion of cure mutation]
 24797 | Pan      | Lost mutation: You are resistant to electric shocks. [potion of cure mutation]
 24843 | Pan      | Found a runed door.
 24902 | Pan      | Found a runed door.
 24927 | Pan      | Found an exit through the horrors of the Abyss.
 25046 | Pan      | Found a runed door.
 25068 | Pan      | Entered the realm of Mnoleg.
 25135 | Pan      | Gained mutation: Your spells are a little easier to cast, but a little less powerful. [a neqoxec]
 25181 | Pan      | Noticed Mnoleg
 25190 | Pan      | Killed Mnoleg
 25241 | Pan      | Got a glowing rune of Zot
 25293 | Pan      | Found an exit through the horrors of the Abyss.
 25301 | Pan      | Took an exit into the Abyss.
 25301 | Abyss:1  | Escaped into the Abyss
 25362 | Depths:3 | Escaped the Abyss
 25405 | Depths:5 | Found a gateway to a ziggurat.
 25436 | Zot:1    | Entered Level 1 of the Realm of Zot
 25542 | Zot:1    | Reached skill level 21 in Invocations
 25867 | Zot:3    | Reached skill level 22 in Invocations
 26107 | Zot:4    | Noticed an orb of fire
 26111 | Zot:4    | Killed an orb of fire
 26207 | Zot:5    | Entered Level 5 of the Realm of Zot
 26341 | Zot:5    | Gained mutation: Potions and wands are poor at restoring your health. [an orb of fire]
 26342 | Zot:5    | Noticed an orb of fire
 26342 | Zot:5    | Noticed an ancient lich
 26342 | Zot:5    | Noticed an orb of fire
 26357 | Zot:5    | Noticed an ancient lich
 26357 | Zot:5    | Gained mutation: Armour fits poorly on your strangely shaped body. [an orb of fire]
 26358 | Zot:5    | Noticed an orb of fire
 26358 | Zot:5    | Noticed an ancient lich
 26364 | Zot:5    | Slain by an Orb Guardian

Vault maps used:
D:1:      saegor_arrival_simple_d
D:2:      uniq_iyjb, uniq_jessica
D:4:      minmay_thick_lines, lemuel_temple_firewalk, first_bread, serial_shops,
          nicolae_shop_window_shopping, uniq_blork_the_orc
D:5:      minmay_splitting_lines, uniq_edmund
D:6:      lemuel_doored_altar, hex_large
D:7:      uniq_duvessa
D:8:      uniq_erica, uniq_pikel, uniq_grum
D:9:      old_standard_altar
D:10:     grunt_lair_entry_elf_guard_hut, serial_shops, shop, uniq_harold,
          uniq_joseph
D:11:     orc_0_dummy, uniq_psyche
D:12:     enter_trove_0
D:13:     serial_shops, shop, david_nohive_1, grunt_potential
D:14:     david_vaults_1, solitary_fountain, lightli_swarmer
D:15:     gammafunk_depths_entry_grave, nicolae_dithmenos_through_a_glass_darkly
Temple:   minmay_crystal_snake_temple_18
Lair:1:   beast_lair_carwin_8
Lair:2:   minivault_11, beast_lair_carwin_10, lemuel_fruit_tree,
          serial_bayou_shore_a
Lair:3:   elwin_shoals_entry_rooms, uniq_gastronok, uniq_fannar, uniq_rupert
Lair:4:   minmay_lair_oklob_chamber, dummy_spider_entry
Lair:5:   grunt_megastairs_3
Lair:6:   uniq_maud
Lair:7:   minmay_slime_entry_pillars
Lair:8:   grunt_lair_end_beastmaster, infiniplex_staircase_pool_2,
          lemuel_fruit_fields
Shoals:1: portal_ice_cave_entry_frozen_things
Shoals:2: serial_shops, shop
Shoals:3: cheibrodos_shoals_oceanic_diplomacy, wheals_shoals_ruined_temple
Shoals:4: shoals_end_simple, shoal_ilsuiw
Spider:2: uniq_arachne, uniq_asterion
Spider:4: grunt_spider_rune_circles, spider_trap
Slime:3:  nicolae_slime_jelly_donut, basic_altar
Slime:5:  basic_altar
Orc:1:    lemuel_statue_altar
Orc:3:    nicolae_orc_pool_cavern, nicolae_orc_crystal_geode
Orc:4:    grunt_orc_tribal_feast, enter_volcano_1
Elf:1:    eino_elf_arrival_sip, serial_shops, shop, special_room, basic_altar,
          orc_legates, spider_trap, hex_tiny, minivault_16,
          minmay_misc_feat_five, einodemon_barbed_minivault
Elf:2:    uniq_agnes
Elf:3:    minmay_elf_hall_spiked, serial_sigils_hangedman_snap,
          nicolae_elf_big_sculpture_2, moated_statue, evilmike_surprise_oklob,
          uniq_norris, uniq_donald
Vaults:1: v_alt_pattern_1, vaults_mumra_minichess_inversion, v_pattern_1,
          grunt_vaults_diagonal, nicolae_vaults_little_squares_6,
          nicolae_vaults_little_squares_3, vaults_room_stairs_pillars,
          serial_shops, shop_fountains
Vaults:2: nicolae_vaults_little_squares_6, ontoclasm_vaults_claustrophobia,
          minmay_crypt_entry_simple_corners, hangedman_vaults_unwind,
          vaults_standard_mumra_x, vaults_standard_mumra_enter_the_diamond,
          v_rooms_6, nicolae_vaults_twisting_passages,
          nicolae_vaults_little_squares_5, v_misc_11, vaults_room_pools,
          ontoclasm_vaults_bender, v_misc_25, vaults_dpeg_diagonal,
          serial_shops, nicolae_shop_crystal, uniq_nikola
Vaults:3: grunt_vaults_trifunnel, v_alt_pattern_4, v_alt_pattern_6,
          hangedman_vaults_river_flow, nicolae_vaults_border_crossing,
          grunt_vaults_hallway_long, vaults_mumra_chevron, v_alt_pattern_3,
          ontoclasm_vaults_chip, vaults_room_door_ring, serial_shops, shop,
          uniq_margery
Vaults:4: v_alt_pattern_6, st_smaller_cells, v_misc_13, ontoclasm_vaults_tryst,
          vaults_mumra_minichess, vaults_room_door_hall, v_misc_25,
          ontoclasm_vaults_decontamination, nicolae_vaults_triangles,
          nicolae_vaults_rhombus_6, hangedman_vaults_cutoff,
          ontoclasm_vaults_ring_small, v_alt_pattern_2, ontoclasm_vaults_fault
Vaults:5: uniq_jorgrun
Crypt:1:  weyrava_vampire_temple, uniq_xtahua, uniq_sojobo, uniq_mara
Crypt:3:  grunt_crypt_end_deaths_head
Tomb:2:   uniq_mennas
Tomb:3:   uniq_khufu, uniq_frederick
Depths:1: pf_hell_entry_tar_river, okawaru_ov_weapons_minmay
Depths:2: evilmike_marble_ring, hangedman_geh_valley, fountainhead,
          grunt_pan_entry_zigzag
Depths:3: minmay_open_boxes_in_corner, rand_demon_pan_entry_1, hell_entry,
          fountainhead, roderic_lattice_octagonal_star
Depths:4: minmay_quantized_circle, serial_shops, freezing_bzr,
          roderic_lattice_a, abyss_entry_flame_altar, hell_entry,
          minmay_misc_feat_iff, infiniplex_staircase_split_hallway, uniq_boris
Depths:5: hangedman_pleasuredromes, hell_entry, uniq_saint_roka
Dis:2:    nicolae_dis_strange_trophy_room
Dis:4:    lemuel_dis_dragons
Dis:7:    dis_st
Geh:2:    special_room, lemuel_flamethrower_2
Geh:4:    nicolae_geh_lava_in_the_way
Geh:7:    geh_mu
Coc:5:    nicolae_coc_ice_floe
Coc:6:    evilmike_ambush
Coc:7:    coc_hangedman
Tar:2:    nicolae_tar_cuneiform_bread
Tar:7:    tar_minmay_river
Zot:1:    circus_mu
Zot:3:    hangedman_orp_of_zott, st_single_dragon_hoard_3,
          hangedman_spider_trapstep
Zot:4:    evilmike_crystal_ball_defense
Abyss:1:  patterned_corridor
Abyss:4:  hangedman_elemental_corridor, lemuel_flamethrower_3,
          nicolae_abyss_rune_star_stuff, evilmike_abyss_exit_10
Abyss:5:  small_statue_intersection, minivault_22
Pan:      grunt_pan_zigzag, evilmike_mini_pan_pillars_b, pan_blood_fountain_2,
          enter_ziggurat_pan_a, nicolae_pan_gloorx_vloqian_3,
          nicolae_pan_giant_door, evilmike_mini_pan_pillars_b,
          pan_blood_fountain, nicolae_pan_mnolegish_5, rand_demon_6,
          evilmike_mini_pan_diamond, enter_ziggurat_pan_d,
          evilmike_cerebov_lava, pan_blood_fountain_small,
          nicolae_pan_sigil_obb, lemuel_hall_of_pain, uniq_cerebov,
          evilmike_mini_pan_pillars, pan_blood_fountain_small,
          nicolae_pan_mnolegish_3, nicolae_pan_sigil_uleosi,
          evilmike_mini_pan_corner, pan_blood_fountain, nicolae_pan_sigil_eeng,
          evilmike_mini_pan_pillars_b, pan_blood_fountain_2,
          nicolae_pan_door_chamber, uniq_cerebov, nicolae_pan_mnolegish_1,
          evilmike_mini_pan_pillars, evilmike_mini_pan_pillars_b, gloorx_vloq,
          rand_demon_4, pan_blood_fountain, evilmike_mini_pan_pillars,
          evilmike_mini_pan_doors, uniq_cerebov, evilmike_mini_pan_T,
          pan_blood_fountain_small, rand_demon_7, uniq_cerebov,
          pan_blood_fountain, grunt_pan_zigzag, pan_blood_fountain_small,
          evilmike_mini_pan_other_thingy, uniq_cerebov,
          evilmike_mini_pan_other_thingy, nicolae_pan_sigil_eeng,
          pan_captured_pigsty, nicolae_pan_gloorx_vloqian_1,
          evilmike_mini_pan_pillars, uniq_cerebov, lom_lobon,
          evilmike_mini_pan_possible_glass, uniq_cerebov, pan_blood_fountain,
          evilmike_mini_pan_branches, rand_demon_9, pan_surprise,
          nicolae_pan_giant_door, pan_blood_fountain_small,
          reaverb_pan_chaos_star, rand_demon_7, pan_blood_fountain_small,
          mnoleg_grunt, rand_demon_2, pan_blood_fountain_small, uniq_cerebov,
          evilmike_mini_pan_diamond, pan_blood_fountain_small, uniq_ignacio
Bazaar:   bazaar_lake
IceCv:    ice_cave_caverns_02
Volcano:  volcano_bunker

Action                   |  1- 3 |  4- 6 |  7- 9 | 10-12 | 13-15 | 16-18 | 19-21 | 22-24 | 25-27 || total
-------------------------+-------+-------+-------+-------+-------+-------+-------+-------+-------++-------
Melee: Unarmed           |    28 |    52 |   216 |   617 |   715 |  1576 |   771 |   916 |  1566 ||  6457
       Falchion          |       |       |       |     8 |       |       |       |       |       ||     8
       Giant spiked club |       |       |       |     1 |       |       |       |       |       ||     1
       Demon blade       |       |       |       |       |    10 |    10 |       |       |       ||    20
Throw: Throwing net      |       |       |       |     2 |     6 |       |       |       |       ||     8
       Large rock        |       |       |       |       |       |    40 |     1 |    12 |    11 ||    64
 Cast: Animate Skeleton  |       |       |       |     4 |    36 |    41 |    21 |    14 |    48 ||   164
       Regeneration      |       |       |       |     1 |    65 |   105 |    21 |    88 |    89 ||   369
       Apportation       |       |       |       |       |       |    15 |    31 |    18 |    66 ||   130
       Phase Shift       |       |       |       |       |       |    19 |    15 |    28 |    11 ||    73
       Ice Form          |       |       |       |       |       |     2 |       |       |       ||     2
       Passage of Golubr |       |       |       |       |       |    23 |     3 |    17 |    21 ||    64
       Statue Form       |       |       |       |       |       |       |    31 |    47 |   132 ||   210
       Repel Missiles    |       |       |       |       |       |       |     1 |     1 |     1 ||     3
       Stoneskin         |       |       |       |       |       |       |     1 |       |       ||     1
       Blink             |       |       |       |       |       |       |       |       |     1 ||     1
Invok: Temporal Distorti |       |       |       |     5 |     3 |     6 |     6 |     7 |     5 ||    32
       Slouch            |       |       |       |     2 |     1 |     4 |     5 |    14 |    17 ||    43
       Step From Time    |       |       |       |       |     1 |     1 |       |     2 |     4 ||     8
 Abil: Evoke Teleportati |       |       |     4 |    12 |     1 |    32 |    15 |    67 |   389 ||   520
       Evoke Flight      |       |       |       |       |     3 |     3 |       |       |       ||     6
       End Transformatio |       |       |       |       |       |     2 |     1 |       |       ||     3
Evoke: Wand              |       |       |     5 |       |    17 |    11 |       |       |    20 ||    53
       Box of beasts     |       |       |       |       |       |     5 |       |       |     1 ||     6
       Phantom mirror    |       |       |       |       |       |     1 |       |       |     1 ||     2
  Use: Scroll            |     1 |     8 |    10 |     8 |    14 |    19 |     9 |     1 |    22 ||    92
       Potion            |       |       |     3 |     5 |       |    11 |     1 |     4 |    17 ||    41
 Stab: Sleeping          |       |     1 |       |     3 |       |     7 |     2 |     2 |     6 ||    21
       Petrified         |       |       |       |     1 |       |       |       |       |       ||     1
       Held in net/web   |       |       |       |     1 |     7 |       |       |       |       ||     8
       Distracted        |       |       |       |       |     1 |    18 |     3 |     2 |     9 ||    33
       Invisible         |       |       |       |       |       |       |       |       |     1 ||     1
  Eat: Chunk             |     4 |     7 |    19 |    37 |    36 |    59 |    34 |    25 |    92 ||   313
       Fruit             |       |       |       |       |       |     9 |       |     3 |       ||    12
       Pizza             |       |       |       |       |       |     3 |     1 |     1 |     1 ||     6
       Beef jerky        |       |       |       |       |       |     1 |     1 |     1 |     2 ||     5
       Royal jelly       |       |       |       |       |       |     1 |       |     6 |       ||     7
       Meat ration       |       |       |       |       |       |       |       |     4 |     7 ||    11
       Bread ration      |       |       |       |       |       |       |       |       |    20 ||    20
